Map: Dusk Towers

Players

Jakamakala

  • Race: Terran Terran
  • League: Master

State - Winner!

  • Race: Protoss Protoss
  • League: Master

VOD

Have the link to the VOD?

Description

Time

  • Played on: Feb. 1, 2016, 6:21 p.m.
  • Length: 4:50
Show
View Real Time Build Order
Export as new Build Order

Jakamakala Terran 

Build Orders: Liberator Opening 

Get SALT Encoding   

  12  0:00  SCV  
  13  0:13  SCV  
  14  0:18  Supply Depot  
  14  0:25  SCV  
  15  0:39  SCV  
  15  0:40  Barracks  
  16  0:46  Refinery  
  16  0:51  SCV  
  17  1:02  Refinery  
  17  1:03  SCV  
  18  1:16  SCV  
  19  1:28  Orbital Command  
  19  1:29  Reaper  
  20  1:42  Supply Depot  
  20  1:47  Factory  
  20  1:54  SCV  
  21  2:01  Reaper  
  22  2:06  SCV  
  23  2:18  SCV  
  24  2:30  SCV  
  25  2:39  Factory Tech Lab  
  25  2:41  Starport  
  25  2:44  SCV  
  26  2:55  Supply Depot  
  26  2:56  SCV  
  27  3:01  Liberator, Cyclone  
  29  3:06  Command Center  
  29  3:09  SCV  
  32  3:21  SCV  
  33  3:33  SCV  
  34  3:37  Supply Depot  
  34  3:45  SCV  
  35  3:57  SCV  
  36  4:03  Widow Mine  
  36  4:07  Barracks x2  
  36  4:09  SCV  
  39  4:19  Marauder  
  39  4:21  SCV  
  36  4:33  SCV  
Show
View Real Time Build Order
Export as new Build Order

State Protoss - Winner!

Build Orders: 1 Gate Expand 

Get SALT Encoding   

  12  0:00  Probe (Chrono Boost)  
  13  0:11  Probe (Chrono Boost)  
  14  0:19  Pylon  
  14  0:22  Probe (Chrono Boost)  
  15  0:38  Gateway, Probe (Chrono Boost)  
  15  0:41  Assimilator  
  16  0:49  Probe (Chrono Boost)  
  17  0:59  Probe (Chrono Boost)  
  18  1:10  Probe (Chrono Boost)  
  19  1:23  Nexus  
  19  1:25  Probe (Chrono Boost)  
  20  1:35  Cybernetics Core  
  20  1:38  Probe (Chrono Boost)  
  21  1:47  Zealot (Chrono Boost)  
  21  1:51  Pylon  
  23  1:58  Assimilator  
  23  2:12  Mothership Core (Chrono Boost), Adept (Chrono Boost)  
  26  2:31  Probe (Chrono Boost)  
  27  2:39  Adept  
  27  2:40  Probe (Chrono Boost)  
  27  2:42  Probe (Chrono Boost)  
  31  2:46  Robotics Facility  
  31  2:50  Probe (Chrono Boost)  
  32  2:52  Probe (Chrono Boost)  
  32  3:01  Probe (Chrono Boost)  
  32  3:03  Probe (Chrono Boost)  
  34  3:09  Adept  
  34  3:11  Probe (Chrono Boost)  
  37  3:13  Probe (Chrono Boost)  
  37  3:18  Pylon  
  38  3:22  Probe (Chrono Boost)  
  38  3:24  Probe (Chrono Boost)  
  40  3:33  Probe (Chrono Boost)  
  41  3:37  Warp Prism  
  41  3:40  Probe (Chrono Boost)  
  44  3:43  Probe (Chrono Boost)  
  45  3:50  Probe (Chrono Boost)  
  45  3:52  Pylon  
  45  3:54  Probe (Chrono Boost)  
  47  3:57  Pylon  
  47  4:01  Probe (Chrono Boost)  
  48  4:04  Probe (Chrono Boost)  
  49  4:11  Probe (Chrono Boost)  
  49  4:15  Probe (Chrono Boost)  
  50  4:22  Probe (Chrono Boost)  
  55  4:25  Probe (Chrono Boost)  
  56  4:28  Stargate  
  56  4:33  Probe (Chrono Boost)  
  56  4:34  Assimilator  
  56  4:36  Probe (Chrono Boost)  
  56  4:39  Assimilator  
Tags
 
Add a new tag
Caveats
  • Supply blocks, unpowered buildings, or Contaminate may cause inaccurate times.
  • Supply counts are checked every 10 seconds.